BOSTON Bruins vs SEATTLE Kraken

Created - 25 mars 2024 at 22:39

Goals
1 2 3 T
BOSTON Bruins 1 0 0 1
SEATTLE Kraken 1 0 2 3
Shots
1 2 3 T
BOSTON Bruins 21 13 9 43
SEATTLE Kraken 9 9 12 30

1st period

1. SEATTLE Kraken , Matty Beniers 18 (Liam O'Brien 6, Arber Xhekaj 17) at 8:53
2. BOSTON Bruins , Frank Vatrano 13 (Jaycob Megna 13) at 13:52

Penalties :
Jordan Gross (SEA) for Interference (Minor) at 6:41, Matt Dumba (BOS) for Slashing (Minor) at 11:10, Radko Gudas (SEA) for Cross-checking (Minor) at 14:12

2nd period

No Goal

Penalties :
Brad Marchand (BOS) for Cross-checking (Minor) at 0:35, Jordan Gross (SEA) for Holding (Minor) at 2:50, Arber Xhekaj (SEA) for Slashing (Minor) at 7:40

3rd period

3. SEATTLE Kraken , Matty Beniers 19 (Matt Martin 13, Jordan Gross 9) at 3:14
4. SEATTLE Kraken , Matty Beniers 20 (Arber Xhekaj 18, Jakub Zboril 17) at 9:46

Penalties :
Brendan Lemieux (SEA) for Roughing (Minor) at 5:19, Brad Hunt (BOS) for Cross-checking (Minor) at 10:23, Victor Hedman (BOS) for Roughing (Minor) at 15:34

Goalie Stats

Tristan Jarry (BOS), 27 saves from 30 shots - (0,900), L, 32-24-4, 60:00 minutes
Sergei Bobrovsky (SEA), 42 saves from 43 shots - (0,977), W, 13-33-10, 60:00 minutes

Players Stats for BOSTON Bruins

Player Name              G  A  P  +/- PIM S  H  SB GA TA FO     MP     PP MP  PK MP  
------------------------------------------------------------------------------------
Adam Lowry               0  0  0  -1  0   1  0  0  0  0  9/12   11:08   0:00   5:09 
Adrian Kempe             0  0  0   0  0   4  5  0  0  0  0/0    20:05   4:53   0:00 
Andrew Peeke             0  0  0  -1  0   0  1  1  0  0  0/0    19:51   0:02   4:41 
Blake Wheeler            0  0  0   0  0   1  1  0  0  0  0/0     7:23   0:00   0:00 
Bo Horvat                0  0  0   0  0   1  0  0  0  0  24/35  20:05   4:53   0:00 
Brad Hunt                0  0  0   0  2   0  1  1  0  0  0/0    11:35   0:00   0:00 
Brad Marchand            0  0  0   0  2   6  3  0  0  0  0/3    23:51   4:53   3:47 
Frank Vatrano            1  0  1  -1  0   2  1  0  0  0  0/0    19:24   5:02   0:47 
Jaycob Megna             0  1  1   0  0   1  1  0  0  0  0/0    12:43   0:00   1:07 
Joel Eriksson Ek         0  0  0  -1  0   5  1  0  0  0  13/23  19:54   5:02   1:17 
Kirill Kaprizov          0  0  0  -1  0   6  0  1  0  0  0/1    19:09   5:34   0:00 
Matt Dumba               0  0  0  -1  2   1  3  2  0  0  0/0    22:41   4:19   3:15 
Michael Pezzetta         0  0  0  -1  0   0  1  0  0  0  0/0     5:59   0:00   0:00 
Nathan Walker            0  0  0   0  0   2  0  0  0  0  1/2    10:14   0:00   2:51 
Phil Kessel              0  0  0  -1  0   0  0  1  0  0  0/0     5:59   0:00   0:00 
Shea Theodore            0  0  0  -1  0   2  2  1  0  0  0/0    24:01   4:19   4:17 
Tomas Hertl              0  0  0   0  0   1  1  0  0  0  19/24  13:55   5:02   1:30 
Victor Hedman            0  0  0  -1  2   10 0  1  0  0  0/0    24:03   5:36   3:03 

Players Stats for SEATTLE Kraken

Player Name              G  A  P  +/- PIM S  H  SB GA TA FO     MP     PP MP  PK MP  
------------------------------------------------------------------------------------
Arber Xhekaj             0  2  2   1  2   1  1  2  0  0  0/0    13:53   0:00   0:00 
Brendan Lemieux          0  0  0  -1  2   2  6  0  0  0  5/13   26:50   3:47   4:38 
Givani Smith             0  0  0   0  0   0  0  0  0  0  0/0     8:45   0:00   0:00 
Jake Gardiner            0  0  0   0  0   1  1  2  0  0  0/0    28:02   4:12   6:02 
Jakub Zboril             0  1  1   1  0   1  1  1  0  0  0/0    22:20   4:12   4:51 
Joel Hanley              0  0  0   1  0   1  1  2  0  0  0/0    19:44   3:44   4:56 
John Hayden              0  0  0   0  0   0  0  0  0  0  0/0     0:00   0:00   0:00 
Jordan Greenway          0  0  0   0  0   2  0  2  0  0  0/4    20:08   3:47   3:43 
Jordan Gross             0  1  1   1  4   2  5  1  0  0  0/0    13:43   0:00   3:18 
Liam O'Brien             0  1  1   3  0   1  0  2  0  0  1/2    15:31   0:00   0:33 
Luke Kunin               0  0  0   0  0   4  3  1  0  0  11/33  22:04   3:47   5:39 
Mathieu Olivier          0  0  0   0  0   3  1  0  0  0  3/13    8:45   0:00   0:00 
Matt Martin              0  1  1   3  0   1  2  1  0  0  1/2    22:50   4:09   3:43 
Matty Beniers            3  0  3   3  0   8  0  0  0  0  9/24   19:07   4:09   0:00 
Radko Gudas              0  0  0   0  2   3  5  2  0  0  0/0    22:14   3:44   0:43 
Ryan Kesler              0  0  0  -1  0   0  0  1  0  0  0/1     7:22   0:00   1:34 
Wayne Simmonds           0  0  0   0  0   0  1  0  0  0  1/1    12:54   4:09   0:00 
Zack MacEwen             0  0  0  -1  0   0  0  1  0  0  3/7     5:48   0:00   0:00 

3 Stars

1 - Matty Beniers (SEA)
2 - Sergei Bobrovsky (SEA)
3 - Matt Martin (SEA)

Power Play

BOSTON Bruins - 0 on 5 Attempt(s) - 0,00%
SEATTLE Kraken - 0 on 4 Attempt(s) - 0,00%

Penalty Kill

BOSTON Bruins - 4 on 4 Attempt(s) - 100,00% - Score 0 goal in Penalty Kill
SEATTLE Kraken - 5 on 5 Attempt(s) - 100,00% - Score 0 goal in Penalty Kill

Team Stat

BOSTON Bruins - Hits : 21 - Faceoff Wins : 66 - Blocked Shots : 8 - Penalty Minutes : 8
SEATTLE Kraken - Hits : 27 - Faceoff Wins : 34 - Blocked Shots : 18 - Penalty Minutes : 10

Official

Referees : Amanda Tasson and Tom Chmielewski
Linesman : Matt MacPherson and James Tobias

Game Notes

Matty Beniers has scored a Hat Trick!

Finance

Level 1 -- Attendance: 5424 (90,40%) -- Ticket Income $542,400
Level 2 -- Attendance: 4210 (84,20%) -- Ticket Income $252,600
Level 3 -- Attendance: 2000 (100,00%) -- Ticket Income $70,000
Level 4 -- Attendance: 3062 (76,55%) -- Ticket Income $76,550
Luxury Box -- Attendance: 868 (86,80%) -- Ticket Income $173,600
Total Attendance: 15564 (86,47%)
Total Ticket Income: $1,115,150
Other Income: $278,788
Total Income: $1,393,938

BOSTON Bruins

5 vs 5 Forward 
   Center                   Left Wing                Right Wing               Time % Phy DF OF 
 1 Bo Horvat                Brad Marchand            Adrian Kempe             38     1   2  2  
 2 Joel Eriksson Ek         Kirill Kaprizov          Frank Vatrano            34     1   2  2  
 3 Tomas Hertl              Nathan Walker            Blake Wheeler            20     1   2  2  
 4 Adam Lowry               Michael Pezzetta         Phil Kessel              8      1   2  2  

5 vs 5 Defense 
   Defense                  Defense                                           Time % Phy DF OF 
 1 Victor Hedman            Shea Theodore                                     43     1   2  2  
 2 Andrew Peeke             Matt Dumba                                        41     1   3  1  
 3 Jaycob Megna             Brad Hunt                                         16     2   2  1  
 4 Victor Hedman            Shea Theodore                                     0      1   2  2  

PowerPlay Forward 
   Center                   Left Wing                Right Wing               Time % Phy DF OF 
 1 Bo Horvat                Brad Marchand            Adrian Kempe             60     1   2  2  
 2 Tomas Hertl              Joel Eriksson Ek         Frank Vatrano            40     1   2  2  

PowerPlay Defense
   Defense                  Defense                                           Time % Phy DF OF 
 1 Victor Hedman            Kirill Kaprizov                                   60     1   2  2  
 2 Matt Dumba               Shea Theodore                                     40     1   2  2  

Penalty Kill 4 Players Forward 
   Center                   Wing                     Time % Phy DF OF 
 1 Adam Lowry               Brad Marchand            60     1   2  2  
 2 Joel Eriksson Ek         Andrew Peeke             40     1   2  2  

Penalty Kill 4 Players Defense
   Defense                  Defense                  Time % Phy DF OF 
 1 Victor Hedman            Andrew Peeke             60     1   2  2  
 2 Matt Dumba               Shea Theodore            40     1   2  2  

Penalty Kill - 3 Players Forward 
   Forward                                           Time % Phy DF OF 
 1 Adam Lowry                                        60     1   2  2  
 2 Joel Eriksson Ek                                  40     1   2  2  

Penalty Kill - 3 Players Defense
   Defense                  Defense                  Time % Phy DF OF 
 1 Victor Hedman            Andrew Peeke             60     1   2  2  
 2 Matt Dumba               Shea Theodore            40     1   2  2  

4 vs 4 Forward 
   Center                   Wing                     Time % Phy DF OF 
 1 Bo Horvat                Brad Marchand            60     1   2  2  
 2 Joel Eriksson Ek         Adrian Kempe             40     1   2  2  

4 vs 4 Defense
   Defense                  Defense                  Time % Phy DF OF 
 1 Victor Hedman            Shea Theodore            60     1   2  2  
 2 Andrew Peeke             Matt Dumba               40     1   2  2  

Last Minutes Offensive
   Center                   Left Wing                Right Wing               Defense                  Defense                  
   Bo Horvat                Kirill Kaprizov          Andrew Peeke             Victor Hedman            Shea Theodore            

Last Minutes Defensive
   Center                   Left Wing                Right Wing               Defense                  Defense                  
   Bo Horvat                Brad Marchand            Adrian Kempe             Victor Hedman            Andrew Peeke             

Goaltenders
Starting : Tristan Jarry            
Backup : Casey DeSmith            

Extra Forwards
Normal : Kirill Kaprizov, Tomas Hertl, Brad Marchand - PP : Kirill Kaprizov, Tomas Hertl - PK : Adam Lowry
Extra Defensemen
Normal : Victor Hedman, Shea Theodore, Matt Dumba - PP : Victor Hedman - PK : Andrew Peeke, Victor Hedman
Penalty Shots
Bo Horvat, Adrian Kempe, Kirill Kaprizov, Tomas Hertl, Brad Marchand

Scratches
None

SEATTLE Kraken

5 vs 5 Forward 
   Center                   Left Wing                Right Wing               Time % Phy DF OF 
 1 Luke Kunin               Brendan Lemieux          Jordan Greenway          40     1   2  2  
 2 Matty Beniers            Matt Martin              Liam O'Brien             30     1   2  2  
 3 Zack MacEwen             Ryan Kesler              Brendan Lemieux          20     1   2  2  
 4 Mathieu Olivier          Wayne Simmonds           Givani Smith             10     1   2  2  

5 vs 5 Defense 
   Defense                  Defense                                           Time % Phy DF OF 
 1 Radko Gudas              Jake Gardiner                                     40     1   2  2  
 2 Jakub Zboril             Arber Xhekaj                                      30     1   2  2  
 3 Jordan Gross             Joel Hanley                                       20     1   2  2  
 4 Radko Gudas              Jake Gardiner                                     10     1   2  2  

PowerPlay Forward 
   Center                   Left Wing                Right Wing               Time % Phy DF OF 
 1 Luke Kunin               Brendan Lemieux          Jordan Greenway          60     1   2  2  
 2 Matty Beniers            Matt Martin              Wayne Simmonds           40     1   2  2  

PowerPlay Defense
   Defense                  Defense                                           Time % Phy DF OF 
 1 Radko Gudas              Joel Hanley                                       60     1   2  2  
 2 Jakub Zboril             Jake Gardiner                                     40     1   2  2  

Penalty Kill 4 Players Forward 
   Center                   Wing                     Time % Phy DF OF 
 1 Brendan Lemieux          Luke Kunin               60     1   2  2  
 2 Jordan Greenway          Matt Martin              40     1   2  2  

Penalty Kill 4 Players Defense
   Defense                  Defense                  Time % Phy DF OF 
 1 Jake Gardiner            Jordan Gross             60     1   2  2  
 2 Jakub Zboril             Joel Hanley              40     1   2  2  

Penalty Kill - 3 Players Forward 
   Forward                                           Time % Phy DF OF 
 1 Jordan Greenway                                   60     1   2  2  
 2 Luke Kunin                                        40     1   2  2  

Penalty Kill - 3 Players Defense
   Defense                  Defense                  Time % Phy DF OF 
 1 Radko Gudas              Joel Hanley              60     1   2  2  
 2 Jakub Zboril             Jordan Gross             40     1   2  2  

4 vs 4 Forward 
   Center                   Wing                     Time % Phy DF OF 
 1 Luke Kunin               Jordan Greenway          60     1   2  2  
 2 Brendan Lemieux          Matt Martin              40     1   2  2  

4 vs 4 Defense
   Defense                  Defense                  Time % Phy DF OF 
 1 Joel Hanley              Jake Gardiner            60     1   2  2  
 2 Jakub Zboril             Jordan Gross             40     1   2  2  

Last Minutes Offensive
   Center                   Left Wing                Right Wing               Defense                  Defense                  
   Luke Kunin               Brendan Lemieux          Jordan Greenway          Radko Gudas              Jake Gardiner            

Last Minutes Defensive
   Center                   Left Wing                Right Wing               Defense                  Defense                  
   Luke Kunin               Brendan Lemieux          Jordan Greenway          Radko Gudas              Jake Gardiner            

Goaltenders
Starting : Sergei Bobrovsky         
Backup : Laurent Brossoit         

Extra Forwards
Normal : Jordan Greenway, Brendan Lemieux, Luke Kunin - PP : Luke Kunin, Brendan Lemieux - PK : Luke Kunin
Extra Defensemen
Normal : Jordan Gross, Joel Hanley, Jakub Zboril - PP : Jakub Zboril - PK : Joel Hanley, Jakub Zboril
Penalty Shots
Brendan Lemieux, Luke Kunin, Jordan Greenway, Matt Martin, Wayne Simmonds

Scratches
Carey Price (Healthy)

% Time on Ice - BOSTON Bruins

Lines # - Real PCT - Wanted PCT - Time Play
Normal Forward
1 - 36% - 38% - 15:12
2 - 32% - 34% - 13:35
3 - 18% - 20% - 7:23
4 - 14% - 8% - 5:59
Normal Defense
1 - 37% - 43% - 15:25
2 - 36% - 41% - 15:08
3 - 28% - 16% - 11:36
4 - 0% - 0% - 0:00
PP Forward
1 - 49% - 60% - 4:53
2 - 51% - 40% - 5:02
PP Defense
1 - 56% - 60% - 5:36
2 - 44% - 40% - 4:19
PK Forward
1 - 84% - 60% - 6:39
2 - 16% - 40% - 1:17
PK Defense
1 - 53% - 60% - 4:10
2 - 47% - 40% - 3:46
PK3 Forward
1 - 0% - 60%
2 - 0% - 40%
PK3 Defense
1 - 0% - 60%
2 - 0% - 40%
44 Forward
1 - 0% - 60%
2 - 0% - 40%
44 Defense
1 - 0% - 60%
2 - 0% - 40%
Last Minute Offensive  - 0:00
Last Minute Defensive  - 0:00
Total
Forward - 60:00
Defense - 60:00

% Time on Ice - SEATTLE Kraken

Lines # - Real PCT - Wanted PCT - Time Play
Normal Forward
1 - 30% - 40% - 12:38
2 - 36% - 30% - 14:58
3 - 14% - 20% - 5:48
4 - 21% - 10% - 8:45
Normal Defense
1 - 39% - 40% - 16:25
2 - 33% - 30% - 13:54
3 - 25% - 20% - 10:27
4 - 3% - 10% - 1:23
PP Forward
1 - 48% - 60% - 3:47
2 - 52% - 40% - 4:09
PP Defense
1 - 47% - 60% - 3:44
2 - 53% - 40% - 4:12
PK Forward
1 - 63% - 60% - 6:12
2 - 37% - 40% - 3:43
PK Defense
1 - 67% - 60% - 6:41
2 - 33% - 40% - 3:14
PK3 Forward
1 - 0% - 60%
2 - 0% - 40%
PK3 Defense
1 - 0% - 60%
2 - 0% - 40%
44 Forward
1 - 0% - 60%
2 - 0% - 40%
44 Defense
1 - 0% - 60%
2 - 0% - 40%
Last Minute Offensive  - 0:00
Last Minute Defensive  - 0:00
Total
Forward - 60:00
Defense - 60:00

Play-by-Play

1st period


0:01 of 1st period - Bo Horvat wins face-off versus Luke Kunin in neutral zone.
0:20 of 1st period - Shot by Victor Hedman.
0:20 of 1st period - Shot Misses the Net.
0:22 of 1st period - Shot by Brad Marchand.
0:22 of 1st period - Stopped by Sergei Bobrovsky with a rebound.
1:10 of 1st period - Shot by Matt Martin.
1:10 of 1st period - Shot Blocked by Matt Dumba.
1:22 of 1st period - Shot by Matty Beniers.
1:22 of 1st period - Shot Misses the Net.
1:24 of 1st period - Shot by Arber Xhekaj.
1:24 of 1st period - Stopped by Tristan Jarry without a rebound.
1:25 of 1st period - Tomas Hertl wins face-off versus Mathieu Olivier in BOSTON Bruins zone.
2:14 of 1st period - Icing by Jordan Gross.
2:15 of 1st period - Joel Eriksson Ek wins face-off versus Mathieu Olivier in SEATTLE Kraken zone.
2:20 of 1st period - Shot by Frank Vatrano.
2:20 of 1st period - Shot Misses the Net.
2:25 of 1st period - Off-side.
2:26 of 1st period - Adam Lowry wins face-off versus Zack MacEwen in neutral zone.
2:29 of 1st period - Ryan Kesler is hit by Michael Pezzetta and loses puck.
2:42 of 1st period - Shot by Phil Kessel.
2:42 of 1st period - Shot Misses the Net.
3:07 of 1st period - Matt Dumba is hit by Brendan Lemieux and loses puck.
3:40 of 1st period - Icing by Radko Gudas.
3:41 of 1st period - Zack MacEwen wins face-off versus Brad Marchand in SEATTLE Kraken zone.
5:10 of 1st period - Joel Hanley is hit by Frank Vatrano and loses puck.
5:17 of 1st period - Shot by Joel Eriksson Ek.
5:17 of 1st period - Shot Misses the Net.
5:19 of 1st period - Shot by Frank Vatrano.
5:19 of 1st period - Shot Misses the Net.
5:21 of 1st period - Shot by Victor Hedman.
5:21 of 1st period - Shot Misses the Net.
5:23 of 1st period - Shot by Victor Hedman.
5:23 of 1st period - Shot Misses the Net.
5:25 of 1st period - Shot by Victor Hedman.
5:25 of 1st period - Stopped by Sergei Bobrovsky without a rebound.
5:26 of 1st period - Tomas Hertl wins face-off versus Luke Kunin in SEATTLE Kraken zone.
5:40 of 1st period - Icing by Radko Gudas.
5:41 of 1st period - Luke Kunin wins face-off versus Adam Lowry in SEATTLE Kraken zone.
5:55 of 1st period - Shot by Adam Lowry.
5:55 of 1st period - Stopped by Sergei Bobrovsky without a rebound.
5:56 of 1st period - Joel Eriksson Ek wins face-off versus Matty Beniers in SEATTLE Kraken zone.
5:56 of 1st period - Kirill Kaprizov is hit by Arber Xhekaj and loses puck.
6:02 of 1st period - Matty Beniers is hit by Shea Theodore and loses puck.
6:09 of 1st period - Shot by Matty Beniers.
6:09 of 1st period - Stopped by Tristan Jarry with a rebound.
6:11 of 1st period - Shot by Liam O'Brien.
6:11 of 1st period - Stopped by Tristan Jarry without a rebound.
6:12 of 1st period - Bo Horvat wins face-off versus Mathieu Olivier in BOSTON Bruins zone.
6:41 of 1st period - Minor Penalty to Jordan Gross for Interference.
6:42 of 1st period - Tomas Hertl wins face-off versus Brendan Lemieux in SEATTLE Kraken zone.
7:11 of 1st period - Shot by Kirill Kaprizov.
7:11 of 1st period - Stopped by Sergei Bobrovsky without a rebound.
7:12 of 1st period - Brendan Lemieux wins face-off versus Brad Marchand in SEATTLE Kraken zone.
7:26 of 1st period - Shea Theodore is hit by Jakub Zboril and loses puck.
7:44 of 1st period - Adrian Kempe is hit by Jake Gardiner and loses puck.
8:19 of 1st period - Shot by Victor Hedman.
8:19 of 1st period - Stopped by Sergei Bobrovsky without a rebound.
8:20 of 1st period - Matt Martin wins face-off versus Tomas Hertl in SEATTLE Kraken zone.
8:31 of 1st period - Shot by Victor Hedman.
8:31 of 1st period - Shot Misses the Net.
8:33 of 1st period - Shot by Victor Hedman.
8:33 of 1st period - Shot Misses the Net.
8:35 of 1st period - Shot by Victor Hedman.
8:35 of 1st period - Stopped by Sergei Bobrovsky with a rebound.
8:37 of 1st period - Shot by Frank Vatrano.
8:37 of 1st period - Stopped by Sergei Bobrovsky with a rebound.
8:39 of 1st period - Shot by Joel Eriksson Ek.
8:39 of 1st period - The goal is going for a video replay.
8:39 of 1st period - The goal is refused.
8:40 of 1st period - Bo Horvat wins face-off versus Jordan Greenway in SEATTLE Kraken zone.
8:53 of 1st period - Shot by Matty Beniers.
8:53 of 1st period - Goal by Matty Beniers - BOSTON Bruins : 0 - SEATTLE Kraken : 1.
8:54 of 1st period - Wayne Simmonds wins face-off versus Bo Horvat in neutral zone.
9:00 of 1st period - Icing by Shea Theodore.
9:01 of 1st period - Bo Horvat wins face-off versus Matty Beniers in BOSTON Bruins zone.
9:09 of 1st period - Shot by Victor Hedman.
9:09 of 1st period - Stopped by Sergei Bobrovsky without a rebound.
9:10 of 1st period - Joel Eriksson Ek wins face-off versus Luke Kunin in SEATTLE Kraken zone.
9:46 of 1st period - Shot by Brendan Lemieux.
9:46 of 1st period - Stopped by Tristan Jarry without a rebound.
9:47 of 1st period - Tomas Hertl wins face-off versus Matty Beniers in BOSTON Bruins zone.
9:47 of 1st period - Tomas Hertl is hit by Matt Martin.
10:13 of 1st period - Shot by Blake Wheeler.
10:13 of 1st period - Deflect By Tomas Hertl.
10:13 of 1st period - Shot Misses the Net.
10:15 of 1st period - Shot by Blake Wheeler.
10:15 of 1st period - Deflect By Tomas Hertl.
10:15 of 1st period - Shot Misses the Net.
10:17 of 1st period - Shot by Tomas Hertl.
10:17 of 1st period - Stopped by Sergei Bobrovsky without a rebound.
10:18 of 1st period - Zack MacEwen wins face-off versus Bo Horvat in SEATTLE Kraken zone.
10:18 of 1st period - Brendan Lemieux is hit by Brad Marchand and loses puck.
10:29 of 1st period - Shot by Bo Horvat.
10:29 of 1st period - Shot Misses the Net.
10:31 of 1st period - Shot by Victor Hedman.
10:31 of 1st period - Stopped by Sergei Bobrovsky without a rebound.
10:32 of 1st period - Joel Eriksson Ek wins face-off versus Luke Kunin in SEATTLE Kraken zone.
10:35 of 1st period - Shot by Kirill Kaprizov.
10:35 of 1st period - Shot Blocked by Jakub Zboril.
10:45 of 1st period - Shot by Frank Vatrano.
10:45 of 1st period - Shot Misses the Net.
10:47 of 1st period - Shot by Kirill Kaprizov.
10:47 of 1st period - Shot Blocked by Arber Xhekaj.
10:49 of 1st period - Shot by Joel Eriksson Ek.
10:49 of 1st period - Shot Misses the Net.
10:51 of 1st period - Shot by Joel Eriksson Ek.
10:51 of 1st period - Stopped by Sergei Bobrovsky without a rebound.
10:52 of 1st period - Bo Horvat wins face-off versus Matty Beniers in SEATTLE Kraken zone.
11:10 of 1st period - Minor Penalty to Matt Dumba for Slashing.
11:11 of 1st period - Adam Lowry wins face-off versus Luke Kunin in BOSTON Bruins zone.
11:19 of 1st period - Off-side.
11:20 of 1st period - Adam Lowry wins face-off versus Luke Kunin in neutral zone.
11:29 of 1st period - Brad Marchand is hit by Luke Kunin.
12:35 of 1st period - Shot by Matty Beniers.
12:35 of 1st period - Stopped by Tristan Jarry without a rebound.
12:36 of 1st period - Adam Lowry wins face-off versus Matty Beniers in BOSTON Bruins zone.
12:36 of 1st period - Adam Lowry is hit by Wayne Simmonds.
12:59 of 1st period - Shot by Radko Gudas.
12:59 of 1st period - Stopped by Tristan Jarry without a rebound.
13:00 of 1st period - Adam Lowry wins face-off versus Luke Kunin in BOSTON Bruins zone.
13:15 of 1st period - Shot by Kirill Kaprizov.
13:15 of 1st period - Shot Blocked by Zack MacEwen.
13:17 of 1st period - Shot by Kirill Kaprizov.
13:17 of 1st period - Shot Hit the Post.
13:25 of 1st period - Shot by Kirill Kaprizov.
13:25 of 1st period - Shot Misses the Net.
13:47 of 1st period - Ryan Kesler is hit by Joel Eriksson Ek and loses puck.
13:52 of 1st period - Shot by Frank Vatrano.
13:52 of 1st period - Goal by Frank Vatrano - BOSTON Bruins : 1 - SEATTLE Kraken : 1.
13:53 of 1st period - Matty Beniers wins face-off versus Tomas Hertl in neutral zone.
13:53 of 1st period - Radko Gudas is hit by Blake Wheeler and loses puck.
14:02 of 1st period - Radko Gudas is hit by Tomas Hertl and loses puck.
14:08 of 1st period - Blake Wheeler is hit by Radko Gudas and loses puck.
14:12 of 1st period - Minor Penalty to Radko Gudas for Cross-checking.
14:13 of 1st period - Bo Horvat wins face-off versus Ryan Kesler in SEATTLE Kraken zone.
14:16 of 1st period - Shot by Adrian Kempe.
14:16 of 1st period - Stopped by Sergei Bobrovsky without a rebound.
14:17 of 1st period - Bo Horvat wins face-off versus Brendan Lemieux in SEATTLE Kraken zone.
14:30 of 1st period - Shot by Shea Theodore.
14:30 of 1st period - Stopped by Sergei Bobrovsky with a rebound.
14:32 of 1st period - Shot by Shea Theodore.
14:32 of 1st period - Shot Misses the Net.
14:34 of 1st period - Shot by Matt Dumba.
14:34 of 1st period - Stopped by Sergei Bobrovsky without a rebound.
14:35 of 1st period - Brendan Lemieux wins face-off versus Tomas Hertl in SEATTLE Kraken zone.
15:08 of 1st period - Shot by Victor Hedman.
15:08 of 1st period - Shot Misses the Net.
15:10 of 1st period - Shot by Victor Hedman.
15:10 of 1st period - Shot Blocked by Jake Gardiner.
15:12 of 1st period - Shot by Frank Vatrano.
15:12 of 1st period - Shot Misses the Net.
15:14 of 1st period - Shot by Kirill Kaprizov.
15:14 of 1st period - Stopped by Sergei Bobrovsky without a rebound.
15:15 of 1st period - Brendan Lemieux wins face-off versus Bo Horvat in SEATTLE Kraken zone.
15:51 of 1st period - Off-side.
15:52 of 1st period - Tomas Hertl wins face-off versus Jordan Greenway in neutral zone.
15:57 of 1st period - Shot by Joel Eriksson Ek.
15:57 of 1st period - Stopped by Sergei Bobrovsky with a rebound.
15:59 of 1st period - Shot by Frank Vatrano.
15:59 of 1st period - Shot Misses the Net.
16:01 of 1st period - Shot by Joel Eriksson Ek.
16:01 of 1st period - Shot Misses the Net.
16:03 of 1st period - Shot by Victor Hedman.
16:03 of 1st period - Stopped by Sergei Bobrovsky without a rebound.
16:04 of 1st period - Tomas Hertl wins face-off versus Luke Kunin in SEATTLE Kraken zone.
16:11 of 1st period - Shot by Victor Hedman.
16:11 of 1st period - Deflect By Joel Eriksson Ek.
16:11 of 1st period - Shot Blocked by Joel Hanley.
17:39 of 1st period - Off-side.
17:40 of 1st period - Bo Horvat wins face-off versus Luke Kunin in neutral zone.
17:49 of 1st period - Shot by Bo Horvat.
17:49 of 1st period - Shot Misses the Net.
18:05 of 1st period - Shot by Victor Hedman.
18:05 of 1st period - Shot Misses the Net.
18:07 of 1st period - Shot by Victor Hedman.
18:07 of 1st period - Shot Blocked by Jordan Gross.
18:09 of 1st period - Shot by Victor Hedman.
18:09 of 1st period - Shot Misses the Net.
18:11 of 1st period - Shot by Brad Marchand.
18:11 of 1st period - Shot Blocked by Luke Kunin.
18:15 of 1st period - Shot by Adrian Kempe.
18:15 of 1st period - Stopped by Sergei Bobrovsky without a rebound.
18:16 of 1st period - Matty Beniers wins face-off versus Joel Eriksson Ek in SEATTLE Kraken zone.
18:18 of 1st period - Icing by Matt Martin.
18:19 of 1st period - Joel Eriksson Ek wins face-off versus Matty Beniers in SEATTLE Kraken zone.
18:37 of 1st period - Icing by Jaycob Megna.
18:38 of 1st period - Joel Eriksson Ek wins face-off versus Luke Kunin in BOSTON Bruins zone.
18:38 of 1st period - Joel Eriksson Ek is hit by Brendan Lemieux.
19:10 of 1st period - Shot by Brendan Lemieux.
19:10 of 1st period - Deflect By Jordan Greenway.
19:10 of 1st period - Stopped by Tristan Jarry with a rebound.
19:12 of 1st period - Shot by Jakub Zboril.
19:12 of 1st period - Shot Misses the Net.
19:14 of 1st period - Shot by Luke Kunin.
19:14 of 1st period - Stopped by Tristan Jarry without a rebound.
19:15 of 1st period - Bo Horvat wins face-off versus Matty Beniers in BOSTON Bruins zone.
19:24 of 1st period - Shot by Victor Hedman.
19:24 of 1st period - Stopped by Sergei Bobrovsky without a rebound.
19:25 of 1st period - Matty Beniers wins face-off versus Bo Horvat in SEATTLE Kraken zone.
19:58 of 1st period - Shot by Matty Beniers.
19:58 of 1st period - Shot Misses the Net.
Goals for this period are 1 for BOSTON Bruins vs 1 for SEATTLE Kraken.
Shots for this period are 21 for BOSTON Bruins vs 9 for SEATTLE Kraken.

2nd period


0:01 of 2nd period - Luke Kunin wins face-off versus Bo Horvat in neutral zone.
0:07 of 2nd period - Icing by Victor Hedman.
0:08 of 2nd period - Bo Horvat wins face-off versus Luke Kunin in BOSTON Bruins zone.
0:17 of 2nd period - Radko Gudas is hit by Brad Marchand and loses puck.
0:32 of 2nd period - Shot by Brad Marchand.
0:32 of 2nd period - Stopped by Sergei Bobrovsky with a rebound.
0:35 of 2nd period - Minor Penalty to Brad Marchand for Cross-checking.
0:36 of 2nd period - Adam Lowry wins face-off versus Matty Beniers in BOSTON Bruins zone.
0:51 of 2nd period - Icing by Joel Hanley.
0:52 of 2nd period - Adam Lowry wins face-off versus Matty Beniers in SEATTLE Kraken zone.
1:05 of 2nd period - Shot by Radko Gudas.
1:05 of 2nd period - Shot Misses the Net.
1:37 of 2nd period - Andrew Peeke is hit by Matt Martin and loses puck.
2:19 of 2nd period - Tomas Hertl is hit by Brendan Lemieux and loses puck.
2:50 of 2nd period - Minor Penalty to Jordan Gross for Holding.
2:51 of 2nd period - Brendan Lemieux wins face-off versus Bo Horvat in SEATTLE Kraken zone.
3:02 of 2nd period - Shot by Kirill Kaprizov.
3:02 of 2nd period - Stopped by Sergei Bobrovsky without a rebound.
3:03 of 2nd period - Tomas Hertl wins face-off versus Brendan Lemieux in SEATTLE Kraken zone.
3:04 of 2nd period - Shot by Victor Hedman.
3:04 of 2nd period - Stopped by Sergei Bobrovsky without a rebound.
3:05 of 2nd period - Brendan Lemieux wins face-off versus Bo Horvat in SEATTLE Kraken zone.
3:26 of 2nd period - Shot by Brad Marchand.
3:26 of 2nd period - Stopped by Sergei Bobrovsky without a rebound.
3:27 of 2nd period - Tomas Hertl wins face-off versus Jordan Greenway in SEATTLE Kraken zone.
3:37 of 2nd period - Icing by Tomas Hertl.
3:38 of 2nd period - Tomas Hertl wins face-off versus Brendan Lemieux in BOSTON Bruins zone.
3:43 of 2nd period - Shot by Shea Theodore.
3:43 of 2nd period - Stopped by Sergei Bobrovsky without a rebound.
3:44 of 2nd period - Bo Horvat wins face-off versus Brendan Lemieux in SEATTLE Kraken zone.
4:25 of 2nd period - Shot by Luke Kunin.
4:25 of 2nd period - Shot Blocked by Kirill Kaprizov.
4:27 of 2nd period - Shot by Jakub Zboril.
4:27 of 2nd period - Stopped by Tristan Jarry without a rebound.
4:28 of 2nd period - Tomas Hertl wins face-off versus Brendan Lemieux in BOSTON Bruins zone.
4:58 of 2nd period - Michael Pezzetta is hit by Jordan Gross and loses puck.
5:04 of 2nd period - Adam Lowry is hit by Jordan Gross and loses puck.
5:20 of 2nd period - Shot by Phil Kessel.
5:20 of 2nd period - Shot Misses the Net.
5:27 of 2nd period - Michael Pezzetta is hit by Jordan Gross.
5:32 of 2nd period - Phil Kessel is hit by Jordan Gross and loses puck.
6:21 of 2nd period - Tomas Hertl is hit by Mathieu Olivier and loses puck.
6:25 of 2nd period - Off-side.
6:26 of 2nd period - Luke Kunin wins face-off versus Kirill Kaprizov in neutral zone.
7:07 of 2nd period - Shot by Kirill Kaprizov.
7:07 of 2nd period - Shot Blocked by Jordan Greenway.
7:09 of 2nd period - Shot by Matt Dumba.
7:09 of 2nd period - Shot Blocked by Radko Gudas.
7:27 of 2nd period - Matty Beniers is hit by Adrian Kempe and loses puck.
7:40 of 2nd period - Minor Penalty to Arber Xhekaj for Slashing.
7:41 of 2nd period - Bo Horvat wins face-off versus Brendan Lemieux in SEATTLE Kraken zone.
8:03 of 2nd period - Shot by Adrian Kempe.
8:03 of 2nd period - Shot Blocked by Jordan Greenway.
8:50 of 2nd period - Shot by Shea Theodore.
8:50 of 2nd period - Shot Blocked by Joel Hanley.
9:58 of 2nd period - Shot by Mathieu Olivier.
9:58 of 2nd period - Stopped by Tristan Jarry with a rebound.
10:00 of 2nd period - Shot by Joel Hanley.
10:00 of 2nd period - Stopped by Tristan Jarry with a rebound.
10:02 of 2nd period - Shot by Mathieu Olivier.
10:02 of 2nd period - Shot Blocked by Phil Kessel.
10:10 of 2nd period - Shot by Givani Smith.
10:10 of 2nd period - Shot Blocked by Brad Hunt.
11:32 of 2nd period - Shot by Shea Theodore.
11:32 of 2nd period - Shot Blocked by Ryan Kesler.
11:57 of 2nd period - Off-side.
11:58 of 2nd period - Joel Eriksson Ek wins face-off versus Mathieu Olivier in neutral zone.
12:23 of 2nd period - Shot by Joel Eriksson Ek.
12:23 of 2nd period - Stopped by Sergei Bobrovsky without a rebound.
12:24 of 2nd period - Tomas Hertl wins face-off versus Liam O'Brien in SEATTLE Kraken zone.
12:32 of 2nd period - Icing by Radko Gudas.
12:33 of 2nd period - Bo Horvat wins face-off versus Matty Beniers in SEATTLE Kraken zone.
12:39 of 2nd period - Matt Martin is hit by Brad Marchand and loses puck.
13:02 of 2nd period - Shot by Matty Beniers.
13:02 of 2nd period - Shot Blocked by Victor Hedman.
13:11 of 2nd period - Shot by Matty Beniers.
13:11 of 2nd period - Stopped by Tristan Jarry without a rebound.
13:12 of 2nd period - Joel Eriksson Ek wins face-off versus Brendan Lemieux in BOSTON Bruins zone.
13:12 of 2nd period - Joel Eriksson Ek is hit by Luke Kunin.
13:25 of 2nd period - Kirill Kaprizov is hit by Joel Hanley and loses puck.
13:28 of 2nd period - Shot by Andrew Peeke.
13:28 of 2nd period - Shot Misses the Net.
13:46 of 2nd period - Shot by Kirill Kaprizov.
13:46 of 2nd period - Stopped by Sergei Bobrovsky without a rebound.
13:47 of 2nd period - Tomas Hertl wins face-off versus Mathieu Olivier in SEATTLE Kraken zone.
14:04 of 2nd period - Shot by Blake Wheeler.
14:04 of 2nd period - Stopped by Sergei Bobrovsky with a rebound.
14:06 of 2nd period - Shot by Nathan Walker.
14:06 of 2nd period - Stopped by Sergei Bobrovsky without a rebound.
14:07 of 2nd period - Matty Beniers wins face-off versus Bo Horvat in SEATTLE Kraken zone.
15:12 of 2nd period - Icing by Frank Vatrano.
15:13 of 2nd period - Luke Kunin wins face-off versus Joel Eriksson Ek in BOSTON Bruins zone.
15:20 of 2nd period - Shot by Luke Kunin.
15:20 of 2nd period - Stopped by Tristan Jarry with a rebound.
15:28 of 2nd period - Shot by Arber Xhekaj.
15:28 of 2nd period - Deflect By Jordan Greenway.
15:28 of 2nd period - Stopped by Tristan Jarry without a rebound.
15:29 of 2nd period - Tomas Hertl wins face-off versus Mathieu Olivier in BOSTON Bruins zone.
15:44 of 2nd period - Givani Smith is hit by Jaycob Megna and loses puck.
15:53 of 2nd period - Shot by Mathieu Olivier.
15:53 of 2nd period - Stopped by Tristan Jarry without a rebound.
15:54 of 2nd period - Joel Eriksson Ek wins face-off versus Luke Kunin in BOSTON Bruins zone.
15:56 of 2nd period - Kirill Kaprizov is hit by Luke Kunin and loses puck.
16:04 of 2nd period - Icing by Joel Eriksson Ek.
16:05 of 2nd period - Luke Kunin wins face-off versus Joel Eriksson Ek in BOSTON Bruins zone.
16:34 of 2nd period - Shot by Kirill Kaprizov.
16:34 of 2nd period - Stopped by Sergei Bobrovsky without a rebound.
16:35 of 2nd period - Matty Beniers wins face-off versus Bo Horvat in SEATTLE Kraken zone.
16:35 of 2nd period - Matty Beniers is hit by Adrian Kempe.
16:58 of 2nd period - Shot by Matt Martin.
16:58 of 2nd period - Stopped by Tristan Jarry without a rebound.
16:59 of 2nd period - Nathan Walker wins face-off versus Luke Kunin in BOSTON Bruins zone.
17:01 of 2nd period - Tomas Hertl is hit by Brendan Lemieux and loses puck.
17:25 of 2nd period - Radko Gudas is hit by Matt Dumba and loses puck.
17:51 of 2nd period - Icing by Radko Gudas.
17:52 of 2nd period - Bo Horvat wins face-off versus Luke Kunin in SEATTLE Kraken zone.
17:52 of 2nd period - Brad Marchand is hit by Radko Gudas and loses puck.
18:33 of 2nd period - Off-side.
18:34 of 2nd period - Mathieu Olivier wins face-off versus Joel Eriksson Ek in neutral zone.
18:39 of 2nd period - Shot by Mathieu Olivier.
18:39 of 2nd period - Stopped by Tristan Jarry with a rebound.
18:44 of 2nd period - Icing by Kirill Kaprizov.
18:45 of 2nd period - Joel Eriksson Ek wins face-off versus Mathieu Olivier in BOSTON Bruins zone.
19:05 of 2nd period - Kirill Kaprizov is hit by Jordan Gross and loses puck.
19:12 of 2nd period - Shot by Kirill Kaprizov.
19:12 of 2nd period - Stopped by Sergei Bobrovsky without a rebound.
19:13 of 2nd period - Bo Horvat wins face-off versus Luke Kunin in SEATTLE Kraken zone.
19:20 of 2nd period - Shot by Adrian Kempe.
19:20 of 2nd period - Stopped by Sergei Bobrovsky with a rebound.
19:22 of 2nd period - Shot by Brad Marchand.
19:22 of 2nd period - Shot Blocked by Jake Gardiner.
19:26 of 2nd period - Shot by Brad Marchand.
19:26 of 2nd period - Shot Blocked by Radko Gudas.
19:28 of 2nd period - Shot by Victor Hedman.
19:28 of 2nd period - Stopped by Sergei Bobrovsky without a rebound.
19:29 of 2nd period - Tomas Hertl wins face-off versus Matty Beniers in SEATTLE Kraken zone.
19:30 of 2nd period - Shot by Blake Wheeler.
19:30 of 2nd period - Shot Blocked by Arber Xhekaj.
Goals for this period are 0 for BOSTON Bruins vs 0 for SEATTLE Kraken.
Shots for this period are 13 for BOSTON Bruins vs 9 for SEATTLE Kraken.

3rd period


0:01 of 3rd period - Luke Kunin wins face-off versus Joel Eriksson Ek in neutral zone.
1:06 of 3rd period - Matt Martin is hit by Matt Dumba and loses puck.
1:23 of 3rd period - Shot by Matty Beniers.
1:23 of 3rd period - Shot Misses the Net.
1:33 of 3rd period - Shot by Adrian Kempe.
1:33 of 3rd period - Shot Blocked by Liam O'Brien.
1:35 of 3rd period - Shot by Adrian Kempe.
1:35 of 3rd period - Stopped by Sergei Bobrovsky without a rebound.
1:36 of 3rd period - Tomas Hertl wins face-off versus Mathieu Olivier in SEATTLE Kraken zone.
1:41 of 3rd period - Shot by Blake Wheeler.
1:41 of 3rd period - Shot Misses the Net.
1:43 of 3rd period - Shot by Tomas Hertl.
1:43 of 3rd period - Shot Misses the Net.
1:45 of 3rd period - Shot by Tomas Hertl.
1:45 of 3rd period - Shot Misses the Net.
1:47 of 3rd period - Shot by Nathan Walker.
1:47 of 3rd period - Stopped by Sergei Bobrovsky without a rebound.
1:48 of 3rd period - Zack MacEwen wins face-off versus Adam Lowry in SEATTLE Kraken zone.
1:57 of 3rd period - Shot by Jake Gardiner.
1:57 of 3rd period - Stopped by Tristan Jarry without a rebound.
1:58 of 3rd period - Bo Horvat wins face-off versus Luke Kunin in BOSTON Bruins zone.
1:58 of 3rd period - Bo Horvat is hit by Brendan Lemieux.
2:14 of 3rd period - Shot by Luke Kunin.
2:14 of 3rd period - Stopped by Tristan Jarry without a rebound.
2:15 of 3rd period - Liam O'Brien wins face-off versus Joel Eriksson Ek in BOSTON Bruins zone.
2:16 of 3rd period - Shot by Matt Martin.
2:16 of 3rd period - Shot Misses the Net.
2:27 of 3rd period - Icing by Jakub Zboril.
2:28 of 3rd period - Matty Beniers wins face-off versus Brad Marchand in SEATTLE Kraken zone.
2:32 of 3rd period - Off-side.
2:33 of 3rd period - Luke Kunin wins face-off versus Bo Horvat in neutral zone.
2:48 of 3rd period - Shot by Luke Kunin.
2:48 of 3rd period - Stopped by Tristan Jarry without a rebound.
2:49 of 3rd period - Matty Beniers wins face-off versus Joel Eriksson Ek in BOSTON Bruins zone.
3:12 of 3rd period - Shot by Matty Beniers.
3:12 of 3rd period - Shot Misses the Net.
3:14 of 3rd period - Shot by Matty Beniers.
3:14 of 3rd period - Goal by Matty Beniers - BOSTON Bruins : 1 - SEATTLE Kraken : 2.
3:15 of 3rd period - Bo Horvat wins face-off versus Jordan Greenway in neutral zone.
3:24 of 3rd period - Shot by Jake Gardiner.
3:24 of 3rd period - Shot Blocked by Shea Theodore.
3:42 of 3rd period - Shot by Adrian Kempe.
3:42 of 3rd period - Shot Misses the Net.
3:44 of 3rd period - Shot by Victor Hedman.
3:44 of 3rd period - Shot Misses the Net.
3:46 of 3rd period - Shot by Victor Hedman.
3:46 of 3rd period - Stopped by Sergei Bobrovsky without a rebound.
3:47 of 3rd period - Joel Eriksson Ek wins face-off versus Matty Beniers in SEATTLE Kraken zone.
4:01 of 3rd period - Icing by Joel Eriksson Ek.
4:02 of 3rd period - Joel Eriksson Ek wins face-off versus Mathieu Olivier in BOSTON Bruins zone.
4:12 of 3rd period - Jordan Gross is hit by Andrew Peeke and loses puck.
4:23 of 3rd period - Shot by Mathieu Olivier.
4:23 of 3rd period - Shot Misses the Net.
4:25 of 3rd period - Shot by Jordan Gross.
4:25 of 3rd period - Stopped by Tristan Jarry with a rebound.
4:27 of 3rd period - Shot by Jordan Gross.
4:27 of 3rd period - Stopped by Tristan Jarry without a rebound.
4:28 of 3rd period - Bo Horvat wins face-off versus Luke Kunin in BOSTON Bruins zone.
4:28 of 3rd period - Brad Marchand is hit by Brendan Lemieux and loses puck.
4:35 of 3rd period - Jake Gardiner is hit by Adrian Kempe.
4:52 of 3rd period - Brad Marchand is hit by Radko Gudas and loses puck.
5:12 of 3rd period - Icing by Jordan Greenway.
5:13 of 3rd period - Luke Kunin wins face-off versus Joel Eriksson Ek in SEATTLE Kraken zone.
5:19 of 3rd period - Minor Penalty to Brendan Lemieux for Roughing.
5:20 of 3rd period - Tomas Hertl wins face-off versus Luke Kunin in SEATTLE Kraken zone.
6:29 of 3rd period - Shot by Brad Marchand.
6:29 of 3rd period - Shot Blocked by Matt Martin.
6:51 of 3rd period - Shot by Bo Horvat.
6:51 of 3rd period - Stopped by Sergei Bobrovsky with a rebound.
7:29 of 3rd period - Icing by Jaycob Megna.
7:30 of 3rd period - Adam Lowry wins face-off versus Zack MacEwen in BOSTON Bruins zone.
7:57 of 3rd period - Shot by Phil Kessel.
7:57 of 3rd period - Shot Misses the Net.
8:02 of 3rd period - Icing by Arber Xhekaj.
8:03 of 3rd period - Bo Horvat wins face-off versus Zack MacEwen in SEATTLE Kraken zone.
8:04 of 3rd period - Shot by Brad Marchand.
8:04 of 3rd period - Stopped by Sergei Bobrovsky without a rebound.
8:05 of 3rd period - Bo Horvat wins face-off versus Mathieu Olivier in SEATTLE Kraken zone.
8:05 of 3rd period - Andrew Peeke is hit by Radko Gudas and loses puck.
8:14 of 3rd period - Shot by Mathieu Olivier.
8:14 of 3rd period - Shot Misses the Net.
8:32 of 3rd period - Shot by Wayne Simmonds.
8:32 of 3rd period - Deflect By Mathieu Olivier.
8:32 of 3rd period - Shot Blocked by Andrew Peeke.
8:54 of 3rd period - Icing by Matt Dumba.
8:55 of 3rd period - Bo Horvat wins face-off versus Luke Kunin in BOSTON Bruins zone.
9:09 of 3rd period - Off-side.
9:10 of 3rd period - Joel Eriksson Ek wins face-off versus Matt Martin in neutral zone.
9:19 of 3rd period - Matt Martin is hit by Shea Theodore and loses puck.
9:42 of 3rd period - Shot by Matty Beniers.
9:42 of 3rd period - Stopped by Tristan Jarry with a rebound.
9:46 of 3rd period - Shot by Matty Beniers.
9:46 of 3rd period - Goal by Matty Beniers - BOSTON Bruins : 1 - SEATTLE Kraken : 3.
9:47 of 3rd period - Tomas Hertl wins face-off versus Luke Kunin in neutral zone.
10:23 of 3rd period - Minor Penalty to Brad Hunt for Cross-checking.
10:24 of 3rd period - Adam Lowry wins face-off versus Matty Beniers in BOSTON Bruins zone.
11:42 of 3rd period - Shot by Brad Marchand.
11:42 of 3rd period - Shot Misses the Net.
11:59 of 3rd period - Brendan Lemieux is hit by Matt Dumba.
12:01 of 3rd period - Shot by Radko Gudas.
12:01 of 3rd period - Stopped by Tristan Jarry without a rebound.
12:02 of 3rd period - Tomas Hertl wins face-off versus Luke Kunin in BOSTON Bruins zone.
12:19 of 3rd period - Shot by Radko Gudas.
12:19 of 3rd period - Stopped by Tristan Jarry without a rebound.
12:20 of 3rd period - Luke Kunin wins face-off versus Tomas Hertl in BOSTON Bruins zone.
12:24 of 3rd period - Jordan Greenway is hit by Brad Hunt and loses puck.
12:27 of 3rd period - Shot by Brendan Lemieux.
12:27 of 3rd period - Stopped by Tristan Jarry with a rebound.
12:38 of 3rd period - Icing by Joel Eriksson Ek.
12:39 of 3rd period - Mathieu Olivier wins face-off versus Joel Eriksson Ek in BOSTON Bruins zone.
12:44 of 3rd period - Shot by Givani Smith.
12:44 of 3rd period - Shot Misses the Net.
13:05 of 3rd period - Shot by Joel Eriksson Ek.
13:05 of 3rd period - Deflect By Frank Vatrano.
13:05 of 3rd period - Shot Misses the Net.
13:07 of 3rd period - Shot by Frank Vatrano.
13:07 of 3rd period - Shot Misses the Net.
13:09 of 3rd period - Shot by Jaycob Megna.
13:09 of 3rd period - Stopped by Sergei Bobrovsky without a rebound.
13:10 of 3rd period - Bo Horvat wins face-off versus Matty Beniers in SEATTLE Kraken zone.
13:25 of 3rd period - Matt Martin is hit by Adrian Kempe and loses puck.
13:36 of 3rd period - Icing by Matty Beniers.
13:37 of 3rd period - Tomas Hertl wins face-off versus Matty Beniers in SEATTLE Kraken zone.
13:39 of 3rd period - Nathan Walker is hit by Radko Gudas and loses puck.
13:49 of 3rd period - Icing by Andrew Peeke.
13:50 of 3rd period - Luke Kunin wins face-off versus Tomas Hertl in BOSTON Bruins zone.
14:18 of 3rd period - Icing by Luke Kunin.
14:19 of 3rd period - Bo Horvat wins face-off versus Luke Kunin in SEATTLE Kraken zone.
14:24 of 3rd period - Shot by Bo Horvat.
14:24 of 3rd period - Shot Misses the Net.
14:34 of 3rd period - Shot by Adrian Kempe.
14:34 of 3rd period - Shot Misses the Net.
14:49 of 3rd period - Shot by Brad Marchand.
14:49 of 3rd period - Stopped by Sergei Bobrovsky with a rebound.
14:51 of 3rd period - Shot by Brad Marchand.
14:51 of 3rd period - Stopped by Sergei Bobrovsky without a rebound.
14:52 of 3rd period - Matty Beniers wins face-off versus Joel Eriksson Ek in SEATTLE Kraken zone.
15:27 of 3rd period - Shot by Matty Beniers.
15:27 of 3rd period - Shot Blocked by Matt Dumba.
15:29 of 3rd period - Shot by Matty Beniers.
15:29 of 3rd period - Stopped by Tristan Jarry without a rebound.
15:30 of 3rd period - Mathieu Olivier wins face-off versus Bo Horvat in BOSTON Bruins zone.
15:33 of 3rd period - Shot by Givani Smith.
15:33 of 3rd period - Shot Misses the Net.
15:34 of 3rd period - Minor Penalty to Victor Hedman for Roughing.
15:35 of 3rd period - Luke Kunin wins face-off versus Adam Lowry in BOSTON Bruins zone.
17:06 of 3rd period - Shot by Matty Beniers.
17:06 of 3rd period - Shot Misses the Net.
17:56 of 3rd period - Icing by Brendan Lemieux.
17:57 of 3rd period - Bo Horvat wins face-off versus Zack MacEwen in SEATTLE Kraken zone.
18:20 of 3rd period - Zack MacEwen is hit by Adrian Kempe and loses puck.
18:57 of 3rd period - Shot by Joel Eriksson Ek.
18:57 of 3rd period - Stopped by Sergei Bobrovsky without a rebound.
18:58 of 3rd period - Matty Beniers wins face-off versus Nathan Walker in SEATTLE Kraken zone.
19:40 of 3rd period - Shot by Andrew Peeke.
19:40 of 3rd period - Shot Blocked by Liam O'Brien.
Goals for this period are 0 for BOSTON Bruins vs 2 for SEATTLE Kraken.
Shots for this period are 9 for BOSTON Bruins vs 12 for SEATTLE Kraken. Output by the SimonT Hockey Simulator (STHS) for Martin Benoit - Original Page W3C HTML5 Valid
Hockey Simulator - Hockey Simulation - Hockey Manager